[Event "Titled Tuesday Blitz January 10 Late 2023"]
[White "Arencibia Monduy, Antonio"]
[Black "Rostomyan, Mikayel"]
[WhiteFideId "3507939"]
[BlackFideId "13313754"]
[WhiteElo "2122"]
[BlackElo "2222"]
[Result "1-0"]
[Round "03"]
[TimeControl "180+2"]
[Date "2023.01.10"]
[WhiteClock "0:00:31"]
[BlackClock "0:00:02"]

1. c4 e5 2. e3 Nc6 3. Nc3 d6 4. g3 g6 5. Bg2 Bg7 6. Nge2 Be6 7. d3 Nge7 8. O-O Qd7 9. Re1 h5 10. Rb1 h4 11. b4 Bh3 12. Bh1 Bg4 13. b5 Nd8 14. d4 hxg3 15. fxg3 Qf5 16. Rf1 Qh5 17. Rf2 exd4 18. exd4 Nf5 19. Qd3 Ne6 20. Bxb7 Rb8 21. Bc6+ Kf8 22. Be3 Kg8 23. Rb2 Nxe3 24. Qxe3 Rf8 25. Nf4 Bxd4 26. Qxd4 Nxd4 27. Nxh5 Rxh5 28. Bd5 Kg7 29. Rf4 Bh3 30. Rxd4 Rf5 31. Rf4 Re8 32. Rxf5 gxf5 33. Re2 Rb8 34. Re7 Kg6 35. Kf2 f6 36. Rxc7 f4 37. gxf4 Kf5 38. Kg3 Bf1 39. Be4+ Ke6 40. Nd5 Rg8+ 41. Kf2 Bh3 42. Re7# 1-0


[Site "https://www.chess.com"]

[Event "Titled Tuesday Blitz January 10 Late 2023"]
[White "Abrahamyan, Tatev"]
[Black "Andrews, Todd"]
[WhiteFideId "13301918"]
[BlackFideId "2012456"]
[WhiteElo "2294"]
[BlackElo "2220"]
[Result "1/2-1/2"]
[Round "03"]
[TimeControl "180+2"]
[Date "2023.01.10"]
[WhiteClock "0:01:50"]
[BlackClock "0:01:01"]

1. e4 e6 2. d4 d5 3. Nc3 Bb4 4. exd5 exd5 5. Bd3 Nc6 6. a3 Bxc3+ 7. bxc3 Nge7 8. Qh5 Be6 9. Ne2 Qd7 10. Rb1 O-O-O 11. O-O h6 12. Nf4 Bg4 13. Qxf7 Rdf8 14. Qxg7 Rhg8 15. Qxh6 Rh8 16. Qg5 Rfg8 17. Qf6 Rf8 18. Qg5 Rfg8 19. Qf6 Rf8 20. Qg5 1/2-1/2


[Site "https://www.chess.com"]

[Event "Titled Tuesday Blitz January 10 Late 2023"]
[White "Hsu, Li Yang"]
[Black "Sivakumar, Shaaketh"]
[WhiteFideId "5800080"]
[BlackFideId "30940176"]
[WhiteElo "2427"]
[BlackElo "2337"]
[Result "1-0"]
[Round "03"]
[TimeControl "180+2"]
[Date "2023.01.10"]
[WhiteClock "0:00:10"]
[BlackClock "0:00:06"]

1. Nf3 e6 2. g3 b5 3. Bg2 Bb7 4. O-O Nf6 5. d3 g6 6. Nbd2 Bg7 7. e4 O-O 8. a4 b4 9. Re1 d6 10. Nc4 a5 11. Bd2 Nfd7 12. Qc1 Na6 13. Bh6 Nac5 14. Bxg7 Kxg7 15. Nfd2 Qf6 16. Nb3 e5 17. Nxc5 dxc5 18. c3 Nb6 19. Ne3 Qd6 20. Ng4 h5 21. Qh6+ Kg8 22. Ne3 Rad8 23. Red1 Rd7 24. Bh3 Re7 25. Qg5 Kh8 26. cxb4 cxb4 27. b3 Nd7 28. Nc4 Qf6 29. Qxf6+ Nxf6 30. Nxa5 Ba6 31. Nc6 Ree8 32. Nxb4 Bb7 33. Rac1 Re7 34. Rc3 Rd8 35. Rdc1 c6 36. Nxc6 Bxc6 37. Rxc6 Rxd3 38. Rxf6 Rxb3 39. a5 Ra7 40. a6 Kg7 41. Rfc6 Ra3 42. Bc8 Ra2 43. Rc7 Ra8 44. Bb7 Ra7 45. Bd5 R7xa6 46. Rxf7+ Kh6 47. Bxa2 Rxa2 48. Rcc7 Kg5 49. Kg2 h4 50. gxh4+ Kxh4 51. Rf3 g5 52. Rg3 Kh5 53. Rg7 Rb2 54. R7xg5+ Kh4 55. R3g4# 1-0


[Site "https://www.chess.com"]

[Event "Titled Tuesday Blitz January 10 Late 2023"]
[White "Thomforde-Toates, Noah"]
[Black "Dudzinski, Pawel"]
[WhiteFideId "30951992"]
[BlackFideId "1117890"]
[WhiteElo "2124"]
[BlackElo "2186"]
[Result "0-1"]
[Round "03"]
[TimeControl "180+2"]
[Date "2023.01.10"]
[WhiteClock "0:00:19"]
[BlackClock "0:00:05"]

1. d4 c6 2. Nc3 d5 3. Bf4 Nf6 4. e3 Bf5 5. Bd3 g6 6. Nf3 Nbd7 7. O-O Bg7 8. Qe2 Bxd3 9. cxd3 O-O 10. e4 dxe4 11. dxe4 Re8 12. Rfd1 Qa5 13. Ne5 Nxe5 14. Bxe5 Rad8 15. a3 Nd7 16. Bxg7 Kxg7 17. b4 Qc7 18. e5 Nb6 19. h4 Qd7 20. Rac1 Nd5 21. Ne4 f5 22. Nc5 Qc8 23. b5 cxb5 24. h5 b6 25. Nd3 Qe6 26. Qf3 Rc8 27. Qh3 Rc4 28. h6+ Kg8 29. Nb2 Rxc1 30. Rxc1 Rc8 31. Rxc8+ Qxc8 32. Qb3 e6 33. Kh2 Qc1 34. Nd3 Qxh6+ 35. Kg1 Qd2 36. Kh2 f4 37. f3 Ne3 38. Nxf4 Nf1+ 39. Kg1 Qxf4 40. Kxf1 Kf7 41. Qc3 g5 42. Qc7+ Kg6 43. Qc2+ Qf5 44. Qd2 Qb1+ 45. Kf2 h6 46. d5 exd5 47. Qxd5 Qb2+ 48. Kg3 Qxa3 49. Qe6+ Kg7 50. Qf6+ Kh7 51. Qf7+ Kh8 52. e6 Qd6+ 53. Kg4 Qf4+ 54. Qxf4 gxf4 55. Kf5 Kg8 56. Ke5 Kf8 57. Kd6 Ke8 58. g4 fxg3 59. f4 g2 60. f5 g1=Q 61. f6 Qd4+ 62. Kc6 Qxf6 0-1


[Site "https://www.chess.com"]

[Event "Titled Tuesday Blitz January 10 Late 2023"]
[White "Huber, Benedikt"]
[Black "Rastbod, Ali"]
[WhiteFideId "12923583"]
[BlackFideId "12567477"]
[WhiteElo "2272"]
[BlackElo "2318"]
[Result "1-0"]
[Round "03"]
[TimeControl "180+2"]
[Date "2023.01.10"]
[WhiteClock "0:00:22"]
[BlackClock "0:00:27"]

1. d4 g6 2. e4 Bg7 3. Nc3 d6 4. Nf3 Bg4 5. Be3 e6 6. h3 Bxf3 7. Qxf3 h6 8. O-O-O c6 9. e5 d5 10. Ne2 c5 11. dxc5 Nc6 12. Nd4 Bxe5 13. Bb5 Rc8 14. Rhe1 Qf6 15. Qe2 Ne7 16. Kb1 O-O 17. Bxc6 Nxc6 18. c3 Bxd4 19. cxd4 Kh7 20. Qd2 g5 21. h4 g4 22. f3 g3 23. Ka1 a5 24. a3 a4 25. Bf4 Rg8 26. Bd6 Ra8 27. Rh1 h5 28. Rh3 Ra5 29. Rxg3 Rxg3 30. Bxg3 Rb5 31. Qd3+ Qg6 32. Qxb5 Qxg3 33. Qxb7 Na5 34. Qxf7+ Kh6 35. Qxe6+ Kh7 36. Qf5+ Kh6 37. Qg5+ 1-0


[Site "https://www.chess.com"]

[Event "Titled Tuesday Blitz January 10 Late 2023"]
[White "Lopez Gracia, Fernando"]
[Black "Tica, Sven"]
[WhiteFideId "2207184"]
[BlackFideId "14526948"]
[WhiteElo "2255"]
[BlackElo "2431"]
[Result "1-0"]
[Round "03"]
[TimeControl "180+2"]
[Date "2023.01.10"]
[WhiteClock "0:00:22"]
[BlackClock "0:00:37"]

1. c4 g6 2. e4 Bg7 3. d4 d6 4. Nc3 Nd7 5. Nf3 e5 6. d5 Ne7 7. h4 h6 8. h5 g5 9. Be3 f5 10. exf5 Nxf5 11. Bd3 Nf6 12. Qc2 Nxe3 13. Bg6+ Ke7 14. fxe3 Bg4 15. O-O-O Qd7 16. Rdf1 Raf8 17. Nd2 c6 18. Nde4 Nxe4 19. Qxe4 Rxf1+ 20. Rxf1 Rf8 21. Rxf8 Kxf8 22. b4 cxd5 23. Nxd5 Be6 24. Nc3 Qc8 25. Nd5 b5 26. Kd2 Qxc4 27. Qxc4 bxc4 28. e4 Bd7 29. Kc3 Bb5 30. Nc7 Bc6 31. Kxc4 Bf6 32. Ne6+ Ke7 33. Nc7 Kd7 34. Nd5 Bd8 35. Bf5+ Ke8 36. b5 Bb7 37. a4 a5 38. Ne3 Bb6 39. Ng4 Ke7 40. Nxh6 d5+ 41. exd5 Kd6 42. Be4 Bc8 43. Nf7+ Ke7 44. Nxe5 Bc7 45. Ng6+ Kf6 46. h6 1-0


[Site "https://www.chess.com"]

[Event "Titled Tuesday Blitz January 10 Late 2023"]
[White "Szyszylo, Rafal"]
[Black "Zheng, Richard"]
[WhiteFideId "1109626"]
[BlackFideId "2624893"]
[WhiteElo "2091"]
[BlackElo "2121"]
[Result "0-1"]
[Round "03"]
[TimeControl "180+2"]
[Date "2023.01.10"]
[WhiteClock "0:01:43"]
[BlackClock "0:02:05"]

1. e4 c6 2. d4 d5 3. e5 Bf5 4. Nf3 e6 5. Be2 Ne7 6. O-O c5 7. Be3 Nec6 8. c3 Nd7 9. h3 h6 10. g4 Bh7 11. Nh2 Qb6 12. Qd2 a6 13. f4 Be4 14. Nf3 Be7 15. Bd3 Bxf3 16. Rxf3 cxd4 17. cxd4 Nxd4 18. Kg2 Nxf3 19. Kxf3 Bc5 20. Bxc5 Nxc5 21. Be2 Ne4 22. Qc2 Qf2# 0-1


[Site "https://www.chess.com"]

[Event "Titled Tuesday Blitz January 10 Late 2023"]
[White "Bon, Michael"]
[Black "Ismagilov, Damir"]
[WhiteFideId "620696"]
[BlackFideId "34199982"]
[WhiteElo "2394"]
[BlackElo "2156"]
[Result "0-1"]
[Round "03"]
[TimeControl "180+2"]
[Date "2023.01.10"]
[WhiteClock "0:00:03"]
[BlackClock "0:00:45"]

1. e4 d6 2. d4 e5 3. Nc3 Nf6 4. Nf3 exd4 5. Nxd4 Be7 6. Be2 O-O 7. O-O Bd7 8. Be3 Nc6 9. f4 Re8 10. Bf3 Nxd4 11. Bxd4 Bc6 12. Qd3 Qd7 13. Rae1 Rad8 14. h3 Qc8 15. g4 Nd7 16. g5 Nc5 17. Qe3 Qxh3 18. Rf2 Ne6 19. Bg2 Qxe3 20. Bxe3 f6 21. Bh3 Nc5 22. Bxc5 dxc5 23. Be6+ Kh8 24. g6 h6 25. Nd5 Bd6 26. f5 Bd7 27. Bf7 Bg3 28. Bxe8 Rxe8 29. Nxc7 Bxc7 30. Rd2 Bc6 31. Kf2 Kg8 32. Kf3 Re5 0-1


[Site "https://www.chess.com"]

[Event "Titled Tuesday Blitz January 10 Late 2023"]
[White "Perske, Thore"]
[Black "Gracia Alvarez, Gerardo Antonio"]
[WhiteFideId "12902195"]
[BlackFideId "5109124"]
[WhiteElo "2448"]
[BlackElo "2238"]
[Result "1-0"]
[Round "03"]
[TimeControl "180+2"]
[Date "2023.01.10"]
[WhiteClock "0:00:02"]
[BlackClock "0:00:01"]

1. e4 e6 2. d4 d5 3. Nd2 c5 4. Ngf3 cxd4 5. Nxd4 Nf6 6. exd5 Nxd5 7. Bd3 Nf4 8. Bb5+ Bd7 9. Qf3 e5 10. Qe4 Bd6 11. Bxd7+ Qxd7 12. Nf5 O-O 13. Nxd6 Qxd6 14. Nc4 Qg6 15. Qxg6 Nxg6 16. O-O Nc6 17. Be3 Rad8 18. Rfd1 b6 19. a4 f5 20. f3 Rxd1+ 21. Rxd1 Rd8 22. Rxd8+ Nxd8 23. a5 b5 24. Nd6 a6 25. Nxf5 Nc6 26. Bb6 Kf7 27. Nd6+ Ke6 28. Ne4 Kd5 29. Kf2 Nf4 30. g3 Ne6 31. Ke3 Ned4 32. c3 Nb3 33. Ng5 h6 34. Ne4 Nbxa5 35. Bxa5 Nxa5 36. Kd3 Nc6 37. b4 a5 38. bxa5 Nxa5 39. h4 Nc6 40. h5 b4 41. cxb4 Nxb4+ 42. Ke3 Nc6 43. g4 Ke6 44. Ng3 Ne7 45. Ke4 Kf6 46. Nf1 g6 47. hxg6 Nxg6 48. Ne3 Kg5 49. Nc4 Kf6 50. Nd6 Nf8 51. Ne8+ Kg6 52. Kxe5 h5 53. gxh5+ Kxh5 54. Ng7+ Kg6 55. Ne6 Nh7 56. f4 Nf6 57. Nf8+ Kf7 58. f5 Nh5 59. Nh7 Ng7 60. Ng5+ Kf8 61. f6 Nh5 62. f7 Ng7 63. Kf6 Nh5+ 64. Kg6 Nf4+ 65. Kf5 1-0


[Site "https://www.chess.com"]

[Event "Titled Tuesday Blitz January 10 Late 2023"]
[White "Bozorov, Makhsum"]
[Black "Czernek, Tymon"]
[WhiteFideId "14201330"]
[BlackFideId "1199510"]
[WhiteElo "2145"]
[BlackElo "2314"]
[Result "1-0"]
[Round "03"]
[TimeControl "180+2"]
[Date "2023.01.10"]
[WhiteClock "0:00:25"]
[BlackClock "0:01:20"]

1. d4 d5 2. c4 e6 3. Nf3 Nf6 4. g3 Bb4+ 5. Bd2 Bxd2+ 6. Nbxd2 O-O 7. Bg2 b6 8. cxd5 exd5 9. O-O Bb7 10. Rc1 Nbd7 11. Qc2 c5 12. Rfd1 Rc8 13. Qf5 g6 14. Qh3 c4 15. Ne5 Re8 16. Nxd7 Qxd7 17. Qxd7 Nxd7 18. e4 dxe4 19. Nxc4 Bd5 20. Nd6 Rxc1 21. Rxc1 Re6 22. Nb5 Bxa2 23. Rc7 Nf6 24. Rxa7 Rc6 25. Rxa2 Rc1+ 26. Bf1 Nd5 27. Kg2 e3 28. Nc3 Nb4 29. Ra8+ Kg7 30. fxe3 Rc2+ 31. Kg1 Rxb2 32. Ne4 Nc2 33. Nd6 Nxe3 34. Nc4 Nxc4 35. Bxc4 b5 36. Rb8 Rd2 37. Rxb5 Rxd4 38. Rc5 h5 39. Rc7 h4 40. Bxf7 Kf6 41. Kg2 hxg3 42. hxg3 g5 43. Bc4 g4 44. Be2 Kf5 45. Kf2 1-0


[Site "https://www.chess.com"]

[Event "Titled Tuesday Blitz January 10 Late 2023"]
[White "Averjanov, Alexey"]
[Black "Becerra, Juan David"]
[WhiteFideId "14109867"]
[BlackFideId "4404998"]
[WhiteElo "2399"]
[BlackElo "2382"]
[Result "1-0"]
[Round "03"]
[TimeControl "180+2"]
[Date "2023.01.10"]
[WhiteClock "0:01:52"]
[BlackClock "0:00:16"]

1. d4 d5 2. c4 e6 3. Nf3 c6 4. e3 Nf6 5. Nbd2 Nbd7 6. Bd3 Bd6 7. O-O O-O 8. e4 dxe4 9. Nxe4 Nxe4 10. Bxe4 h6 11. Bc2 b6 12. Re1 a5 13. b3 Ba6 14. Bb2 Re8 15. Qd3 Nf8 16. Rad1 Qd7 17. Ne5 Bxe5 18. Rxe5 Rad8 19. Qg3 c5 20. d5 f6 21. Ree1 exd5 22. Bxf6 Rxe1+ 23. Rxe1 dxc4 24. h3 g5 25. Re7 Qd6 26. Rg7+ Kh8 27. Rg6+ Kh7 28. Rxh6+ Kxh6 29. Qxg5# 1-0


[Site "https://www.chess.com"]

[Event "Titled Tuesday Blitz January 10 Late 2023"]
[White "Yashmetov, Mikhail"]
[Black "Bjelobrk, Igor"]
[WhiteFideId "24198900"]
[BlackFideId "4300726"]
[WhiteElo "2323"]
[BlackElo "2403"]
[Result "1/2-1/2"]
[Round "03"]
[TimeControl "180+2"]
[Date "2023.01.10"]
[WhiteClock "0:00:05"]
[BlackClock "0:00:18"]

1. d4 d5 2. c4 e6 3. g3 Nf6 4. Bg2 Be7 5. Nf3 O-O 6. O-O dxc4 7. Ne5 c5 8. dxc5 Qc7 9. Nxc4 Rd8 10. Nbd2 Nc6 11. a3 Bxc5 12. b4 Bd4 13. Rb1 Nd5 14. Bb2 Bxb2 15. Rxb2 Nc3 16. Qe1 Nd4 17. Bf3 Nxf3+ 18. exf3 Bd7 19. Rc2 Nd5 20. Qe5 Rac8 21. Rfc1 Ba4 22. Qb2 Bxc2 23. Rxc2 Qb8 24. Nb3 b6 25. Qc1 h6 26. b5 e5 27. Qb2 f6 28. Nbd2 Qa8 29. Ne4 Rc7 30. Ne3 Rcd7 31. Nc4 Kh8 32. a4 Ne7 33. a5 Qb7 34. a6 Qa8 35. Nc3 Nf5 36. Ne4 Nd4 37. Kg2 Qd5 38. Rc3 Qxb5 39. Qa2 Qd5 40. Qb2 f5 41. Ne3 Qa8 42. Nd2 Re8 43. Nec4 Rc7 44. Qa3 Rec8 45. Nb1 Nb5 46. Qb4 Nxc3 47. Qxc3 Rxc4 48. Qxe5 Qc6 49. Nd2 Rc2 50. Nb3 Qc3 51. Nd4 Rd2 52. Qxf5 Qxd4 53. Qxc8+ Kh7 54. Qf5+ g6 55. Qf7+ Qg7 56. Qf4 Rd7 57. Qe4 Rf7 58. h4 Qf6 59. h5 Kg7 60. hxg6 Qxg6 61. Qd5 Qf6 62. Qe4 b5 63. Qb4 Qb6 64. Qb2+ Kf8 65. Qh8+ Ke7 66. Qe5+ Kd7 67. Qd5+ Ke7 68. Qe5+ Kf8 69. Qh8+ Ke7 70. Qe5+ 1/2-1/2


[Site "https://www.chess.com"]

[Event "Titled Tuesday Blitz January 10 Late 2023"]
[White "Haszon, David"]
[Black "Souleidis, Georgios"]
[WhiteFideId "733610"]
[BlackFideId "4206827"]
[WhiteElo "2264"]
[BlackElo "2419"]
[Result "1-0"]
[Round "03"]
[TimeControl "180+2"]
[Date "2023.01.10"]
[WhiteClock "0:00:05"]
[BlackClock "0:00:07"]

1. d4 Nf6 2. Bf4 g6 3. Nc3 d5 4. e3 Bg7 5. h4 O-O 6. Be2 c5 7. h5 Nc6 8. h6 Bh8 9. Nf3 cxd4 10. Nxd4 Qb6 11. Nxc6 bxc6 12. Na4 Qa5+ 13. c3 Nd7 14. b4 Qd8 15. Bg5 a5 16. Rc1 Re8 17. O-O Qc7 18. c4 axb4 19. cxd5 Qa7 20. dxc6 Qxa4 21. cxd7 Qxd7 22. Qb3 Qf5 23. Bf4 Bc3 24. Bc4 Be6 25. Bxe6 Qxe6 26. Qxe6 fxe6 27. Rc2 Ra3 28. e4 Rea8 29. Rd1 Rxa2 30. Rcc1 Ra1 31. Kf1 Rxc1 32. Rxc1 Ra2 33. Rb1 e5 34. Be3 Kf7 35. Bc5 Ra4 36. Ke2 g5 37. Kd3 Ra2 38. Rf1 Kg6 39. g3 e6 40. f4 gxf4 41. gxf4 exf4 42. Rxf4 Kxh6 43. Rf1 Kg6 44. Rg1+ Kf7 45. Rf1+ Ke8 46. Rf8+ Kd7 47. Rf7+ Kc6 48. Kc4 Rh2 49. Re7 Rh6 50. Be3 Rg6 51. Rxh7 e5 52. Bc5 Rg4 53. Rh6+ Kd7 54. Kd5 b3 55. Rh7+ Kc8 56. Kc6 Rg8 57. Bd6 Ba5 58. Ra7 1-0


[Site "https://www.chess.com"]

[Event "Titled Tuesday Blitz January 10 Late 2023"]
[White "Korchmar, Vasiliy"]
[Black "Boder, Jan"]
[WhiteFideId "24131750"]
[BlackFideId "16243226"]
[WhiteElo "2438"]
[BlackElo "2294"]
[Result "1/2-1/2"]
[Round "03"]
[TimeControl "180+2"]
[Date "2023.01.10"]
[WhiteClock "0:00:01"]
[BlackClock "0:00:01"]

1. e4 c5 2. Nf3 Nc6 3. d4 cxd4 4. Nxd4 g6 5. c4 Nf6 6. Nc3 Nxd4 7. Qxd4 Bg7 8. Be2 d6 9. O-O O-O 10. Qd3 Be6 11. Be3 Rc8 12. b3 a6 13. Rac1 Qa5 14. f4 b5 15. cxb5 axb5 16. Nxb5 Qxa2 17. Nd4 Bg4 18. Nf3 Nxe4 19. Rxc8 Rxc8 20. Bd1 Nc5 21. Qb5 Qa6 22. Qxa6 Nxa6 23. h3 Bxf3 24. Bxf3 Rb8 25. Rb1 Nc5 26. b4 Na4 27. Rb3 e6 28. b5 d5 29. Ba7 Rb7 30. Be3 Rb8 31. Be2 d4 32. Bf2 Nc3 33. Bf1 Kf8 34. b6 Ke7 35. b7 Kd7 36. Ba6 Kc7 37. Rb4 Nd5 38. Rc4+ Kb6 39. Rc8 Ka7 40. Kf1 e5 41. fxe5 Bxe5 42. Ke2 Kxa6 43. Rc5 Nc3+ 44. Kd3 Bg7 45. Bxd4 Bxd4 46. Kxd4 Nb5+ 47. Ke5 Rxb7 48. Kf6 Kb6 49. Rc8 Nd6 50. Rh8 h5 51. Rh7 Kc5 52. g4 hxg4 53. hxg4 Kd5 54. g5 Ne4+ 55. Kg7 Nxg5 56. Rh1 Ne6+ 57. Kf6 Nd4 58. Rd1 Rd7 59. Rd2 Rd6+ 60. Ke7 g5 61. Kxf7 g4 62. Rg2 Rd7+ 63. Kf6 Rd6+ 64. Kg5 Rd8 65. Kxg4 Rg8+ 66. Kh3 Rh8+ 67. Kg3 Ke4 68. Ra2 Rg8+ 69. Kh3 Kf4 70. Ra4 Rh8+ 71. Kg2 Ke3 72. Ra3+ Ke4 73. Ra4 Rg8+ 74. Kh3 Rg7 75. Rb4 Ke3 76. Ra4 Nc6 77. Ra3+ Kf4 78. Ra4+ Kf5 79. Ra3 Ne5 80. Ra5 Kf4 81. Ra4+ Kf5 82. Ra5 Rg8 83. Rb5 Ke4 84. Ra5 Nc4 85. Ra4 Kf3 86. Kh2 Ne3 87. Ra3 Rh8+ 88. Kg1 Rh6 89. Rb3 Rg6+ 90. Kh2 Rg8 91. Ra3 Kf2 92. Ra2+ Kf3 93. Ra3 1/2-1/2


[Site "https://www.chess.com"]

[Event "Titled Tuesday Blitz January 10 Late 2023"]
[White "Mortazavi, Ali"]
[Black "Osmak, Yuliia"]
[WhiteFideId "401323"]
[BlackFideId "14101602"]
[WhiteElo "2333"]
[BlackElo "2440"]
[Result "1-0"]
[Round "03"]
[TimeControl "180+2"]
[Date "2023.01.10"]
[WhiteClock "0:02:16"]
[BlackClock "0:02:03"]

1. Nf3 d5 2. g3 Nd7 3. Bg2 e5 4. d3 Bd6 5. O-O c6 6. e4 Ne7 7. exd5 cxd5 8. c4 d4 9. Nbd2 O-O 10. a3 a5 11. Re1 Nc6 12. Rb1 Nc5 13. Ne4 Nxe4 14. Rxe4 f5 15. Re1 a4 16. Ng5 Kh8 17. Qh5 h6 18. Qg6 hxg5 19. Qh5+ Kg8 20. Bd5+ 1-0


[Site "https://www.chess.com"]

[Event "Titled Tuesday Blitz January 10 Late 2023"]
[White "Nathan, Nitish"]
[Black "Mladek, Richard"]
[WhiteFideId "30927870"]
[BlackFideId "386588"]
[WhiteElo "2071"]
[BlackElo "2436"]
[Result "0-1"]
[Round "03"]
[TimeControl "180+2"]
[Date "2023.01.10"]
[WhiteClock "0:00:49"]
[BlackClock "0:00:27"]

1. d4 d5 2. Bf4 c5 3. e3 cxd4 4. exd4 Nc6 5. c3 Nf6 6. Bd3 Bg4 7. Nf3 e6 8. Nbd2 Bd6 9. Bg3 O-O 10. Qb3 Qc7 11. O-O Rab8 12. Rfe1 Nd7 13. Qc2 g6 14. h3 Bf5 15. Bxf5 exf5 16. Bxd6 Qxd6 17. Qd3 Rfe8 18. Ng5 Qf4 19. Ngf3 Nf6 20. g3 Qd6 21. Rxe8+ Rxe8 22. Re1 Ne4 23. Qe3 Kg7 24. Ng5 h6 25. Ngxe4 dxe4 26. Nc4 Qe6 27. b3 Ne7 28. Qd2 Rd8 29. Ne3 f4 30. gxf4 Qxh3 31. Ng2 f5 32. Qe3 Qxe3 33. Nxe3 g5 34. fxg5 hxg5 35. Nc4 Kf6 36. Ne5 Nd5 37. Rc1 Nf4 38. Kf1 Rh8 39. Ke1 Rh1+ 40. Kd2 Rh2 41. Rf1 g4 42. Ke3 Nd5+ 43. Kd2 g3 44. c4 e3+ 45. Ke2 exf2 46. cxd5 g2 47. Nf3 g1=Q 0-1


[Site "https://www.chess.com"]

[Event "Titled Tuesday Blitz January 10 Late 2023"]
[White "Sivakumar, Shaashwath"]
[Black "Hamitevici, Vladimir"]
[WhiteFideId "30912156"]
[BlackFideId "13902393"]
[WhiteElo "2198"]
[BlackElo "2496"]
[Result "0-1"]
[Round "03"]
[TimeControl "180+2"]
[Date "2023.01.10"]
[WhiteClock "0:01:31"]
[BlackClock "0:02:04"]

1. d4 g6 2. e4 Bg7 3. Nc3 c6 4. Be3 d6 5. Qd2 b5 6. O-O-O Nd7 7. f4 Ngf6 8. h3 b4 9. Nce2 Nxe4 10. Qxb4 Rb8 11. Qa3 Nb6 12. Qd3 Bf5 13. g4 Nf2 14. Qc3 Nxd1 15. Kxd1 Be4 16. Rh2 Na4 17. Qa3 Nxb2+ 18. Kc1 Nc4 19. Qc3 Qb6 20. Qxc4 Qb1+ 21. Kd2 Qxf1 22. Ng3 Qxc4 0-1


[Site "https://www.chess.com"]

[Event "Titled Tuesday Blitz January 10 Late 2023"]
[White "Kourkoulos-Arditis, Stamatis"]
[Black "Abdulla, Murad"]
[WhiteFideId "4221990"]
[BlackFideId "2403757"]
[WhiteElo "2539"]
[BlackElo "2307"]
[Result "1-0"]
[Round "03"]
[TimeControl "180+2"]
[Date "2023.01.10"]
[WhiteClock "0:01:23"]
[BlackClock "0:00:14"]

1. b3 e5 2. Bb2 Nc6 3. e3 Nf6 4. Bb5 Bd6 5. Na3 Na5 6. Be2 O-O 7. Nb5 Qe7 8. Nxd6 Qxd6 9. Nf3 Nc6 10. O-O b6 11. d4 e4 12. Ne5 Bb7 13. c4 Qe7 14. Rc1 d6 15. Nxc6 Bxc6 16. d5 Bb7 17. Qd4 a5 18. f4 exf3 19. gxf3 Ne8 20. e4 f6 21. Kh1 a4 22. b4 a3 23. Bc3 Qe5 24. Qe3 Qh5 25. Rg1 Kh8 26. Rg3 Qh6 27. f4 Bc8 28. Rcg1 Rf7 29. Qf2 Re7 30. Bd3 g6 31. f5 Rg7 32. fxg6 Rxg6 33. e5 Rxg3 34. Qxg3 Qg7 35. exf6 Qf7 36. Qg8+ Qxg8 37. f7+ Nf6 1-0


[Site "https://www.chess.com"]

[Event "Titled Tuesday Blitz January 10 Late 2023"]
[White "Adury, Anant"]
[Black "Sebag, Marie"]
[WhiteFideId "30964687"]
[BlackFideId "617822"]
[WhiteElo "2123"]
[BlackElo "2430"]
[Result "1-0"]
[Round "03"]
[TimeControl "180+2"]
[Date "2023.01.10"]
[WhiteClock "0:00:46"]
[BlackClock "0:00:06"]

1. Nf3 Nf6 2. c4 e6 3. Nc3 d5 4. e3 c5 5. cxd5 exd5 6. d4 Nc6 7. Bb5 Be7 8. O-O O-O 9. b3 Bg4 10. Be2 Bxf3 11. Bxf3 cxd4 12. exd4 Rc8 13. Bg5 Nb4 14. Rc1 h6 15. Bxf6 Bxf6 16. a3 Nc6 17. Nxd5 Bxd4 18. b4 a6 19. a4 Bb2 20. Rb1 Be5 21. b5 axb5 22. axb5 Nd4 23. Ne3 Qh4 24. g3 Nxf3+ 25. Qxf3 Qe7 26. Rfe1 Bc3 27. Nd5 Qc5 28. Ne7+ Kh8 29. Nxc8 Bxe1 30. Rxe1 Qxc8 31. Re7 b6 32. Rxf7 Re8 33. Kg2 Qc4 34. Rf8+ Rxf8 35. Qxf8+ Kh7 36. Qf5+ Kh8 37. h4 Qe2 38. Qc8+ Kh7 39. Qc6 h5 40. Kg1 Qe1+ 41. Kg2 g6 42. Qxb6 Qe4+ 43. Kh2 Qf3 44. Qe3 Qb7 45. b6 1-0


[Site "https://www.chess.com"]

[Event "Titled Tuesday Blitz January 10 Late 2023"]
[White "Paszewski, Mateusz"]
[Black "Figorito, Nick"]
[WhiteFideId "1141058"]
[BlackFideId "30923689"]
[WhiteElo "2279"]
[BlackElo "2036"]
[Result "1-0"]
[Round "03"]
[TimeControl "180+2"]
[Date "2023.01.10"]
[WhiteClock "0:00:14"]
[BlackClock "0:00:05"]

1. d4 Nf6 2. Bf4 g6 3. Nc3 d5 4. e3 Bg7 5. h4 c5 6. Nf3 Bg4 7. Be2 O-O 8. Ne5 Bxe2 9. Qxe2 cxd4 10. exd4 Nc6 11. O-O-O Qb6 12. Qd2 Rfd8 13. h5 Ne4 14. Nxe4 dxe4 15. Nxc6 bxc6 16. hxg6 Rxd4 17. gxf7+ Kxf7 18. Qe2 Qxb2+ 19. Kxb2 Rd2+ 20. Kc1 Rxe2 21. Be3 Rb8 22. Rxh7 Kg6 23. Rdh1 Bc3 24. Rxe7 Rb2 25. Rh6+ Kf5 26. Rf7+ Ke5 27. Bf4+ Kd5 28. Rd7+ Kc4 29. Rxc6+ Kb5 30. Rxc3 Rxa2 31. Rb3+ Kc6 32. Rd6+ Kc5 33. Kb1 Ra4 34. Rd1 Rxf2 35. Be3+ Kc4 36. Bxf2 Ra6 37. Rd4+ Kc5 38. Ra4+ 1-0


[Site "https://www.chess.com"]

[Event "Titled Tuesday Blitz January 10 Late 2023"]
[White "Sargsyan, Anna M."]
[Black "Fernandez Siles, Luis"]
[WhiteFideId "13308130"]
[BlackFideId "2209420"]
[WhiteElo "2375"]
[BlackElo "2218"]
[Result "1-0"]
[Round "03"]
[TimeControl "180+2"]
[Date "2023.01.10"]
[WhiteClock "0:00:48"]
[BlackClock "0:00:20"]

1. d4 Nf6 2. c4 g6 3. g3 Bg7 4. Bg2 O-O 5. Nc3 d6 6. Nf3 c6 7. O-O Qa5 8. e4 e5 9. Re1 Bg4 10. Be3 Qb4 11. Qb3 Qxb3 12. axb3 Bxf3 13. Bxf3 a6 14. dxe5 dxe5 15. b4 Nbd7 16. Red1 Rfd8 17. Be2 Nf8 18. Rxd8 Rxd8 19. b5 axb5 20. cxb5 cxb5 21. Bxb5 Ne6 22. Ra7 Rb8 23. Bc4 Nd4 24. Kg2 Nd7 25. Nb5 Nc6 26. Ra1 Bf8 27. Rd1 Rd8 28. Bg5 Be7 29. Bxe7 Nxe7 30. Nd6 Nb6 31. Bxf7+ Kg7 32. Bb3 Nec8 33. Nf5+ gxf5 34. Rxd8 fxe4 35. Bc2 Ne7 36. Bxe4 Nc6 37. Bxc6 bxc6 38. Rd6 Nc4 39. Rxc6 Nxb2 40. Re6 Nd3 41. Kf3 Kf7 42. Rd6 Nc5 43. Rd5 e4+ 44. Ke3 Na4 45. Kxe4 1-0


[Site "https://www.chess.com"]

[Event "Titled Tuesday Blitz January 10 Late 2023"]
[White "Roman, Rodrigo"]
[Black "Golubev, Mikhail"]
[WhiteFideId "3701220"]
[BlackFideId "14100983"]
[WhiteElo "2058"]
[BlackElo "2461"]
[Result "0-1"]
[Round "03"]
[TimeControl "180+2"]
[Date "2023.01.10"]
[WhiteClock "0:00:03"]
[BlackClock "0:00:09"]

1. d4 Nf6 2. Bg5 Ne4 3. Bf4 c5 4. f3 Qa5+ 5. c3 Nf6 6. e3 Nh5 7. Bg3 Nxg3 8. hxg3 d5 9. Bd3 g6 10. Ne2 Nc6 11. g4 e5 12. Qd2 Bg7 13. dxc5 Qxc5 14. Na3 Be6 15. Nb5 O-O-O 16. b4 Qe7 17. Rb1 Kb8 18. a4 d4 19. exd4 a6 20. Na3 exd4 21. c4 Ne5 22. O-O h5 23. g5 Nxd3 24. Qxd3 Qxg5 25. b5 Bf5 26. Qb3 a5 27. Rbd1 d3 28. Nc3 Bd4+ 29. Rf2 Qg3 30. Rd2 h4 31. c5 h3 32. c6 hxg2 33. Ne4 Rh1# 0-1


[Site "https://www.chess.com"]